 Dungeon Crawl Stone Soup version 0.31-a0-1317-gdfb52cbc09 (webtiles) character file.

Game seed: 13639913436255399252

449 psellion the Trooper (level 6, -8/51 HPs)
             Began as a Mummy Fighter on Dec 21, 2023.
             Mangled by an ogre
             ... wielding a +0 giant spiked club
              (16 damage)
             ... on level 4 of the Dungeon.
             The game lasted 00:06:29 (2995 turns).

psellion the Trooper (Mummy Fighter)                Turns: 2995, Time: 00:06:29

Health: -8/51      AC:  9    Str: 19    XL:     6   Next: 74%
Magic:  6/6        EV:  6    Int:  9    God:
Gold:   163        SH: 10    Dex: 18    Spells: 5/5 levels left

rFire   x . .        a - +0 flail
rCold   + . .        n - +0 kite shield
rNeg    + + +        e - +0 chain mail
rPois   ∞            (no helmet)
rElec   .            (no cloak)
rCorr   .            (no gloves)
SInv    .            p - +0 pair of boots
Will    .....        (no amulet) Stlth
                     D - +6 ring of dexterity
HPRegen 0.28/turn    (no ring)
MPRegen 0.10/turn

%: faith
@: no status effects
A: cold resistance 1, negative energy resistance 3, torment resistance 2, heat
vulnerability 1, in touch with death 1, no potions, faith
a: no special abilities


You were on level 4 of the Dungeon.
You visited 1 branch of the dungeon, and saw 4 of its levels.

You collected 163 gold pieces.


Innate Abilities, Weirdness & Mutations

You are immune to poison.
Your flesh is cold resistant. (rC+)
You are immune to negative energy. (rN+++)
You are immune to unholy pain and torment.
You are vulnerable to heat. (rF-)
You are in touch with the powers of death.
You do not drink.
You have a special connection with the divine. (Faith)


   Skills:
 + Level 5.1 Fighting
 + Level 3.6 Maces & Flails
 - Level 2.4 Armour
 + Level 4.1 Shields


You had 5 spell levels left.
You didn't know any spells.
Your spell library contained the following spells:

 Spells                   Type           Power      Damage    Failure   Level
 Simulacrum               Ice/Necr       0%         N/A       100%        6
 Ozocubu's Refrigeration  Ice            0%         4d7       100%        7
 Polar Vortex             Ice            0%         N/A       100%        9

Inventory:

Hand Weapons
 a - a +0 flail (weapon)
Missiles
 d - 63 stones
 q - 3 boomerangs
Armour
 b - a +0 scale mail
 c - a +0 buckler
 e - a +0 chain mail (worn)
   (You found it on level 1 of the Dungeon)
 n - a +0 kite shield (worn)
   (You found it on level 3 of the Dungeon)
 p - a +0 pair of boots (worn)
   (You found it on level 3 of the Dungeon)
Magical Staves
 g - a staff of death {!a}
   (You found it on level 1 of the Dungeon)
Jewellery
 D - a +6 ring of dexterity (left hand)
   (You found it on level 3 of the Dungeon)
 T - an amulet of faith {!P}
   (You found it on level 2 of the Dungeon)
Wands
 r - a wand of mindburst (14)
   (You found it on level 4 of the Dungeon)
Scrolls
 f - a scroll of noise {unknown}
 h - 2 scrolls of identify {unknown}
 i - a scroll of teleportation {unknown}
 j - 2 scrolls of poison {unknown}
 k - a scroll of amnesia {unknown}
 l - a scroll of revelation {unknown}
 m - a scroll of enchant weapon {unknown}
 o - a scroll of fog {unknown}

Dungeon Overview and Level Annotations

Branches:
Dungeon (4/15) Zot: 20914
 Temple: D:4-7

Altars:

...........##.##...#..###.#.#
...........##...............#
##.................#..###.#.#
.......#...##..#...#..###.#.#
##.....#....................###
.............................#
.. .................##...###
.........$.........#
.......@......#....#
..#.#..O......#....#
.............#....#
..#.#.####.........# .....
......#....# #.#...
.##..#.#....# #.... #..#.#....#
##.. .# #


You could see an ogre.


Message History

Dowan gestures wildly while chanting.
Dowan blinks! 😨 HP[+1] Dowan hits you with a +0 dagger.
* * * LOW HITPOINT WARNING * * *
Dowan closely misses you. 😨 HP[-1]
You take 1 damage, and now have 24/50 hp.
You hit Dowan. Dowan hits you with a +0 dagger.
* * * LOW HITPOINT WARNING * * *
Dowan gestures wildly while chanting.
Dowan blinks! 😨 HP[-5]
You take 5 damage, and now have 19/50 hp.
You closely miss Dowan. Dowan hits you but does no damage.
Dowan barely misses you. 😨 HP[+1]
You barely miss Dowan. Dowan hits you but does no damage.
Dowan hits you with a +0 dagger.
* * * LOW HITPOINT WARNING * * *
😨 HP[-4]
You take 4 damage, and now have 16/50 hp.
You closely miss Dowan. Dowan barely misses you.
You barely miss Dowan. Dowan hits you with a +0 dagger.
* * * LOW HITPOINT WARNING * * *
You block Dowan's attack. 😨 HP[-3]
You take 3 damage, and now have 13/50 hp.
You sock Dowan! Dowan barely misses you.
Dowan casts a spell.
Dowan blinks!
You closely miss Dowan.
Dowan casts a spell.
Dowan blinks!
Dowan hits you with a +0 dagger.
* * * LOW HITPOINT WARNING * * *
😱 HP[-2]
You take 2 damage, and now have 11/50 hp.
You sock Dowan!
You kill Dowan!
Your Fighting skill increases to level 5! 😱 HP[+1]
You now have 51 max hp (+1).
Things that are here:
a +0 dagger; a +0 robe
There is a stone staircase leading down here. 😨 HP[+1]
Things that are here:
a +0 club; a goblin corpse You start resting. 😎 HP[+38]
Your hp is fully restored (51).
There is a stone staircase leading down here.
You climb downwards.
There is a stone staircase leading up here.
Things that are here:
a +0 scale mail; a +0 short sword; the elf corpse of Duvessa
h - 2 scrolls labelled VEX RAANOPHE (gained 1)
d - 55 stones (gained 6)
d - 63 stones (gained 8)
There is a stone staircase leading up here.
You start removing your armour.
You continue taking off your +0 buckler. x4
You finish taking off your +0 buckler.
You start putting on your armour.
You continue putting on your +0 kite shield. x5
You finish putting on your +0 kite shield.
An adder comes into view.
The adder hisses angrily.
You miss the adder. The adder barely misses you.
The adder bites you but does no damage.
You sock the adder!
You kill the adder!
No target in view!
You now have 151 gold pieces (gained 6).
You now have 163 gold pieces (gained 12).
An ogre comes into view. It is wielding a +0 giant spiked club.
You see here 11 gold pieces.
You see here a wand of mindburst (16).
r - a wand of mindburst (16)
Aiming: Mindburst
Press: ? - help, Shift-Dir - straight line, f - ogre
Aim: an ogre, wielding a +0 giant spiked club (chance to affect: 64%)
The ogre struggles to resist.
You hit the ogre.
The ogre hits you with a +0 giant spiked club!! 😮 HP[-22]
You take 22 damage, and now have 29/51 hp.
MASSIVE DAMAGE!! (PAUSE)
You barely miss the ogre.
The ogre hits you with a +0 giant spiked club!!
* * * LOW HITPOINT WARNING * * *
😱 HP[-21]
You take 21 damage, and now have 8/51 hp.
MASSIVE DAMAGE!! (PAUSE)
Aiming: Mindburst
Press: ? - help, Shift-Dir - straight line, f/p - ogre
Aim: an ogre, wielding a +0 giant spiked club (lightly wounded, chance to affect: 64%)
The ogre struggles to resist.
The ogre hits you with a +0 giant spiked club!
You die...

Skill      XL: |  1  2  3  4  5  6 |
---------------+-------------------+-----
Maces & Flails | 2 3 |  3.6
Shields        | 3 4 |  4.1
Fighting       | 4 5 |  5.1
Armour         | |  2.4

Action                     |  1- 3 |  4- 6 || total
---------------------------+-------+-------++-------
  Melee: Flail             |   143 |   125 ||   268
  Evoke: Wand              |       |     2 ||     2
 Armour: Scale mail        |    25 |       ||    25
         Chain mail        |    83 |    86 ||   169
  Dodge: Dodged            |    63 |    48 ||   111
  Block: Buckler           |    34 |    27 ||    61

Levels and vault maps discovered:
D:1:      enne_arrival_octagon_isle, layout_loops_ring
D:2:      minmay_inner_zag, layout_rooms
D:3:      layout_loops_corners, minmay_vboxes
D:4:      minmay_polygon_palace, layout_basic, uniq_duvessa, uniq_robin,
          uniq_pikel

Notes
Turn   | Place    | Note
-------+----------+-------------------------------------------
     0 | D:1      | psellion the Mummy Fighter began the quest for the Orb.
     0 | D:1      | Reached XP level 1. HP: 18/18 MP: 1/1
     0 | D:1      | magus.rc [v1.11.6]
    90 | D:1      | Reached XP level 2. HP: 17/24 MP: 2/2
   283 | D:1      | Reached skill level 2 in Maces & Flails
   648 | D:1      | Reached XP level 3. HP: 29/29 MP: 3/3
  1129 | D:2      | Reached skill level 3 in Shields
  1397 | D:3      | Reached XP level 4. HP: 37/37 MP: 4/4
  1792 | D:3      | Reached skill level 4 in Fighting
  2261 | D:3      | You add the spells Simulacrum, Ozocubu's Refrigeration and
                  | Polar Vortex to your library.
  2411 | D:4      | Reached XP level 5. HP: 42/42 MP: 5/5
  2523 | D:4      | Reached skill level 3 in Maces & Flails
  2542 | D:4      | Noticed an ogre
  2606 | D:4      | Noticed an ogre
  2623 | D:4      | Noticed Duvessa
  2636 | D:3      | Killed an ogre
  2637 | D:3      | Reached XP level 6. HP: 25/49 MP: 6/6
  2739 | D:4      | Noticed Dowan
  2751 | D:4      | Killed Duvessa
  2752 | D:4      | Reached skill level 4 in Shields
  2766 | D:3      | HP: 11/50 [Dowan/+0 dagger (2)]
  2767 | D:3      | Killed Dowan
  2768 | D:3      | Reached skill level 5 in Fighting
  2994 | D:4      | HP: 8/51 [ogre/+0 giant spiked club (21)]
  2995 | D:4      | Mangled by an ogre

Vanquished Creatures
  Duvessa (D:4)
  An ogre (D:3)
  Dowan (D:3)
  An orc priest (D:4)
  A sleepcap (D:4)
  8 adders
  2 dart slugs
  4 orcs
  3 ball pythons
  6 bats
  12 endoplasms
  3 giant cockroaches (D:2)
  7 goblins
  11 hobgoblins
  9 kobolds
  3 quokkas
  5 frilled lizards
  6 rats
84 creatures vanquished.

Table legend:
 A = Non-vault XP
 B = Vault XP
 C = Vault XP percentage of total XP
 D = Non-vault monster count
 E = Vault monster count
 F = Vault count percentage of total count
                 A         B        C        D         E       F
            +---------+---------+-------+---------+---------+-------
      Total |     393 |     249 |  38.8 |      70 |      14 |  16.7
            +---------+---------+-------+---------+---------+-------
        D:1 |      41 |       0 |   0.0 |      24 |       0 |   0.0
        D:2 |      42 |      10 |  19.2 |      16 |       7 |  30.4
        D:3 |     179 |     101 |  36.1 |      20 |       6 |  23.1
        D:4 |     131 |     138 |  51.3 |      10 |       1 |   9.1
            +---------+---------+-------+---------+---------+-------

Skill      XL: |  1  2  3  4  5  6 |
---------------+-------------------+-----
Maces & Flails | 2 3 |  3.6
Shields        | 3 4 |  4.1
Fighting       | 4 5 |  5.1
Armour         | |  2.4

Action                     |  1- 3 |  4- 6 || total
---------------------------+-------+-------++-------
  Melee: Flail             |   143 |   125 ||   268
  Evoke: Wand              |       |     2 ||     2
 Armour: Scale mail        |    25 |       ||    25
         Chain mail        |    83 |    86 ||   169
  Dodge: Dodged            |    63 |    48 ||   111
  Block: Buckler           |    34 |    27 ||    61

Illustrated notes

Table legend:
 A = Kills in this place as a percentage of kills in the entire game.
 B = Kills by you in this place as a percentage of kills by you in the entire game.
 C = Kills by friends in this place as a percentage of kills by friends in the entire game.
 D = Other kills in this place as a percentage of other kills in the entire game.
 E = Experience gained in this place as a percentage of experience gained in the entire game.
 F = Experience gained in this place divided by the number of levels of this place that you have seen.
                   A       B       C       D       E      F
               +-------+-------+-------+-------+-------+----------------------
         Total | 100.0 | 100.0 |   N/A |   N/A | 100.0 | 160.5
       Dungeon | 100.0 | 100.0 |   N/A |   N/A | 100.0 | 160.5
               +-------+-------+-------+-------+-------+----------------------

Table legend: (Time is in decaauts)
 A = Elapsed time spent in this place.
 B = Non-inter-level travel time spent in this place.
 C = Inter-level travel time spent in this place.
 D = Time resting spent in this place.
 E = Time spent auto-exploring this place.
 F = Levels seen in this place.
 G = Mean time per level.
                   A        B        C        D        E       F      G
               +--------+--------+--------+--------+--------+-----+--------+
         Total |   3084 |   2917 |    167 |    218 |   1917 |   4 |  771.0 |
       Dungeon |   3084 |   2917 |    167 |    218 |   1917 |   4 |  771.0 |
               +--------+--------+--------+--------+--------+-----+--------+

Top non-repeatable levels by time:
     D:3: 1343 daAuts
     D:1: 821 daAuts
     D:2: 594 daAuts
     D:4: 324 daAuts
